 Dungeon Crawl Stone Soup version 0.30-a0-743-gbfdf073431 (webtiles) character file.

Game seed: 12700790498850101829

90122 Rrauwl the Tortoise (level 15, -2/128 HPs)
             Began as an Armataur Fighter on Feb 6, 2023.
             Was the Champion of Hepliaklqana.
             Shot with an arrow by a naga sharpshooter (12 damage)
             ... on level 4 of the Snake Pit on Feb 7, 2023.
             The game lasted 01:23:39 (24134 turns).

Rrauwl the Tortoise (Armataur Fighter)             Turns: 24134, Time: 01:23:40

Health: -2/128     AC: 21    Str: 32    XL:     15   Next: 51%
Magic:  0/22       EV:  7    Int:  9    God:    Hepliaklqana [******]
Gold:   1241       SH:  6    Dex: 12    Spells: 14/14 levels left

rFire   . . .      SeeInvis +    a - +3 whip (spect)
rCold   . . .      Faith    .    c - +1 buckler
rNeg    + . .      Spirit   +    N - +1 plate armour {rPois}
rPois   +          Reflect  .    y - +0 helmet "Jeecs" {rN+ Slay+2 Stlth+}
rElec   .          Harm     .    m - scarf {repulsion}
rCorr   .          Roll     +    e - +0 pair of gloves
Will    +....                    (no barding) Stlth
                                 B - amulet of guardian spirit
HPRegen 0.41/turn                p - ring of see invisible
MPRegen 0.18/turn                I - +6 ring of strength

@: hasted, repel missiles, very quick
A: reduced essence, large, rugged brown scales 3, deformed body, armoured tail,
roll, long tongue, awkward tongue, hooves 1, stinger 1, noise suppression
a: Renounce Religion, Recall Ancestor, Ancestor Identity, Transference, Idealise


You were on level 4 of the Snake Pit.
You worshipped Hepliaklqana.
Hepliaklqana was exalted by your worship.
You visited 4 branches of the dungeon, and saw 22 of its levels.
You also visited: Ossuary.

You collected 1625 gold pieces.
You spent 384 gold pieces at shops.

Inventory:

Hand Weapons
 a - a +3 spectral whip (weapon)
 b - a +2 sling of flaming
Missiles
 f - 3 throwing nets (quivered)
Armour
 c - a +1 buckler (worn)
 e - a +0 pair of gloves (worn)
 m - a scarf of repulsion (worn)
 y - the +0 helmet "Jeecs" (worn) {rN+ Slay+2 Stlth+}
   (You found it on level 2 of the Lair of Beasts)

   Slay:      It affects your accuracy & damage with ranged weapons and melee
   (+2).
   rN:        It protects you from negative energy.
   Stlth:     It makes you more stealthy.
 N - a +1 plate armour of poison resistance (worn)
Jewellery
 j - a ring of protection from fire
 p - a ring of see invisible (left hand)
 r - a ring of resist corrosion
 B - an amulet of guardian spirit (around neck)
 I - a +6 ring of strength (right hand)
 Q - a ring of flight
 R - a ring of positive energy
 T - a ring of protection from fire
Wands
 d - a wand of charming (26)
 s - a wand of flame (31)
 t - a wand of quicksilver (2)
 x - a wand of digging (13)
 z - a wand of mindburst (22)
 C - a wand of polymorph (9)
 M - a wand of iceblast (6)
Scrolls
 i - 2 scrolls of teleportation
 l - 5 scrolls of enchant weapon
 n - 14 scrolls of identify
 u - 3 scrolls of brand weapon
 v - 6 scrolls of fog
 A - a scroll of blinking
 F - a scroll of immolation
 H - 3 scrolls of enchant armour
 J - a scroll of silence
 L - a scroll of summoning
 S - a scroll of torment
Potions
 g - 4 potions of lignification
 h - 6 potions of might
 k - 2 potions of flight
 o - 7 potions of haste
 w - 2 potions of mutation
 D - 4 potions of cancellation
 E - 2 potions of ambrosia
 G - 2 potions of attraction
Miscellaneous
 K - a condenser vane
 O - a phantom mirror


   Skills:
 - Level 12.0 Fighting
 - Level 14.0 Maces & Flails
 + Level 18.9 Armour
 - Level 1.0 Dodging
 - Level 6.0 Stealth
 - Level 6.0 Shields
 - Level 10.0 Invocations
 - Level 5.0 Evocations


You had 14 spell levels left.
You didn't know any spells.
Your spell library contained the following spells:

 Spells                   Type           Power      Damage    Failure   Level
 Summon Small Mammal      Summ           0%         N/A       89%         1
 Blink                    Tloc           0%         N/A       96%         2
 Lesser Beckoning         Tloc           0%         N/A       96%         2
 Momentum Strike          Conj/Tloc      0%         3d8       96%         2
 Call Canine Familiar     Summ           0%         N/A       99%         3
 Ozocubu's Armour         Ice            0%         N/A       99%         3
 Summon Guardian Golem    Hex/Summ       0%         N/A       99%         3
 Vhi's Electric Charge    Tloc/Air       0%         N/A       99%         3
 Leda's Liquefaction      Hex/Erth       0%         N/A       100%        4
 Arcjolt                  Conj/Air       0%         1d10      100%        5
 Fireball                 Conj/Fire      0%         3d3       100%        5
 Freezing Cloud           Conj/Ice/Air   0%         6-21      100%        5
 Iskenderun's Battlesphe  Conj           0%         2d6       100%        5
 Lee's Rapid Deconstruct  Erth           0%         3d4*      100%        5
 Summon Forest            Summ/Tloc      0%         N/A       100%        5
 Summon Mana Viper        Hex/Summ       0%         N/A       100%        5
 Conjure Ball Lightning   Conj/Air       0%         3x3d6     100%        6
 Simulacrum               Ice/Necr       0%         N/A       100%        6
 Statue Form              Tmut/Erth      0%         N/A       100%        6
 Summon Cactus Giant      Summ           0%         N/A       100%        6
 Orb of Destruction       Conj           0%         9d5       100%        7
 Ozocubu's Refrigeration  Ice            0%         4d7       100%        7
 Maxwell's Capacitive Co  Air            0%         ∞         100%        8
 Polar Vortex             Ice            0%         N/A       100%        9


Dungeon Overview and Level Annotations

Branches:
Dungeon (12/15)            Temple (1/1) D:7            Lair (5/5) D:10
 Shoals (0/4) Lair:2        Snake (4/4) Lair:3        Slime (0/5) Lair:5
    Orc (0/2) D:11        Ossuary (visited)

Altars:
Ashenzari
Cheibriados
Dithmenos
Elyvilon
Gozag
Hepliaklqana
Kikubaaqudgha
Makhleb
Nemelex Xobeh
Okawaru
Qazlal
Ru
Trog
Uskayaw
Vehumet
Wu Jian
Xom
Yredelemnul
Zin
The Shining One
Jiyva
Lugonu

Shops:
D:5 *   D:6 :   Snake:4 *

Portals:
Abyss: Lair:5

Annotations:
D:3 3 runed translucent doors, fly's ghost, weakling DgDe
Snake:4 Vashnia


Innate Abilities, Weirdness & Mutations

Your life essence is reduced to manifest your ancestor. (-10% HP)
You are completely covered in rugged brown scales. (AC +3, +7% HP)
Armour fits poorly on your strangely shaped body.
You have a long armoured tail.
You roll when moving toward enemies. (Rampage)
Your long tongue fully drains potion bottles. (2x potion effects)
Your tongue gives you trouble enunciating. (1.5x scroll delay)
You have large cloven feet.
Your tail ends in a venomous barb.
You passively dampen the noise of your surroundings.


Message History

The naga sharpshooter spits poison at you.
The splash of poison hits you but does no damage.
Blink to where?
Press: ? - help, Dir - move target, p - naga sharpshooter You escape the naga's grasp.
As you slowly read the scroll of blinking, it crumbles to dust.
As you slowly read the scroll of teleportation, it crumbles to dust.
You feel strangely unstable.
The naga sharpshooter no longer looks unusually toxic.
The naga sharpshooter mumbles some strange words.
The naga sharpshooter magically shoots an arrow.
You block the arrow.
Hit: a) +3 whip (spect)
Press: ? - help, Dir - move target, f - you
Okay, then.
The naga ritualist no longer looks unusually toxic.
Your surroundings suddenly seem different.
Found a stone staircase leading up.
The naga warrior shouts!
A naga sharpshooter comes into view. It is wielding a +0 war axe.
Found Tuapiupe's Assorted Antiques.
The naga sharpshooter shouts!
The naga sharpshooter unwields a +0 war axe.
The naga sharpshooter wields a +0 shortbow.
The naga sharpshooter shoots an arrow.
The arrow hits you!!
* * * LOW HITPOINT WARNING * * *
A naga sharpshooter comes into view. It is wielding a +0 short sword.
The naga sharpshooter shoots an arrow.
The arrow barely misses you.
The naga sharpshooter unwields a +0 short sword.
The naga sharpshooter wields a +0 shortbow.
The naga sharpshooter gestures wildly while chanting.
The naga sharpshooter magically shoots an arrow.
The arrow hits you!
* * * LOW HITPOINT WARNING * * *
You roll towards the naga sharpshooter!
The naga sharpshooter spits poison at you.
The splash of poison hits you. You resist.
* * * LOW HITPOINT WARNING * * *
The naga sharpshooter shoots an arrow.
The arrow hits you!
You die...

... .....# ..##
#####.########..### #...
..#...#........... ##....
#.##.##........### #.....
#..#.#......N..#
.....N##..#.#.........###
.........................
..............###......N.
..N.....@...### #..#.<...
............# #..#.....
............# #.##.....
......#####.... N. ##.###
...... #......# ###
#..... ###...# ##..# ####
###


You could see 2 naga sharpshooters.

Vanquished Creatures
  Agnes (Snake:2)
  The ghost of Viucil the Cleaver, a journeyman DDFi of Okawaru (D:11)
  A rakshasa (D:9)
  2 hydras
  3 anacondas
  A death knight (D:9)
  2 two-headed ogres (D:11)
  A centaur warrior (D:9)
  2 death yaks (Lair:4)
  A boulder beetle (D:9)
  5 naga warriors
  3 shock serpents
  5 naga sharpshooters
  2 thrashing horrors (Lair:5)
  3 sea snakes (Snake:4)
  A salamander mystic (Snake:4)
  4 naga ritualists
  3 lindwurms
  3 mana vipers
  2 ugly things (Lair:5)
  A spectral centaur (D:11)
  2 cyclopes
  A centaur zombie (D:10)
  A torpor snail (Lair:5)
  4 naga magi
  16 black mambas
  2 salamanders
  A guardian serpent (Snake:4)
  7 elephants
  A smoke demon (Lair:5)
  A centaur skeleton (D:10)
  A gargoyle (D:12)
  9 cane toads
  4 rime drakes
  8 komodo dragons
  4 unseen horrors
  2 burning bushes (Lair:3)
  2 polar bears
  An ancient zyme (Lair:5)
  2 trolls
  13 blink frogs
  A large abomination (Lair:5)
  2 tyrant leeches (D:12)
  2 meliai zombies (D:10)
  3 ynoxinuls (Lair:5)
  A shadow (D:10)
  2 wraiths
  3 hogs (Lair:3)
  3 slime creatures (D:12)
  4 wyverns
  A fire bat (D:12)
  40 yaks
  5 basilisks
  2 chaos spawn (Lair:5)
  9 vampire mosquitoes
  16 nagas
  An acid dragon (D:12)
  10 small abominations (Lair:5)
  2 hell hounds (D:12)
  18 water moccasins
  A swamp drake (D:11)
  2 orc warriors (D:11)
  An ice beast (D:9)
  A black bear (D:5)
  29 wolves
  4 centaurs
  2 kobold brigands
  2 lemures (D:6)
  A phantom (D:6)
  3 gnoll sergeants
  A necrophage (D:8)
  7 bullfrogs
  5 scorpions (D:7)
  3 killer bees (D:9)
  5 howler monkeys
  An electric eel (Lair:3)
  3 vampire bats (D:12)
  2 jellies
  6 orc priests
  6 hounds
  3 gnoll boudas
  2 human zombies (Ossuary)
  Jessica (D:2)
  2 hell rats (D:12)
  Natasha (thrice) (D:2)
  A boggart zombie (D:10)
  An iguana (D:5)
  10 orc wizards
  2 centaur simulacra
  4 mummies (Ossuary)
  32 gnolls
  5 adders
  4 river rats (D:12)
  2 shadow imps
  3 white imps
  A howler monkey simulacrum (D:9)
  An ufetubus (D:4)
  8 worms
  2 dart slugs
  35 orcs
  5 endoplasms
  3 giant cockroaches
  6 goblins
  8 hobgoblins
  25 jackals
  15 kobolds
  A quokka (D:5)
  8 ball pythons
  25 bats
  A frilled lizard (D:1)
  2 hobgoblin zombies (Ossuary)
  3 kobold zombies (Ossuary)
  An orc zombie (Ossuary)
  15 rats
579 creatures vanquished.

Vanquished Creatures (collateral kills)
  Kirke (Lair:3)
  A nagaraja (Snake:2)
  Aizul (Snake:1)
  A catoblepas (Lair:3)
  Erica (D:8)
  A two-headed ogre (D:9)
  4 death yaks (Lair:4)
  A naga sharpshooter (Snake:3)
  A sea snake (Snake:4)
  Pikel (D:6)
  3 mana vipers (Snake:2)
  2 ugly things
  3 black mambas
  2 slime creatures (D:12)
  4 elephants
  A smoke demon (Lair:5)
  A torpor snail (Lair:2)
  A cane toad (Lair:5)
  2 komodo dragons (Lair:1)
  An ancient zyme (Lair:5)
  A polar bear (D:9)
  3 hellwings (D:10)
  6 blink frogs
  2 centaur simulacra (D:11)
  7 yaks
  A steam dragon (D:8)
  A basilisk (Lair:1)
  An ice beast (D:8)
  An orc warrior (D:8)
  5 wolves
  A phantom (D:6)
  A lemure (D:6)
  A scorpion (D:7)
  A bullfrog (Lair:2)
  A gnoll sergeant (D:8)
  2 howler monkeys
  A jelly (D:5)
  5 orc wizards
  2 gnolls (D:7)
  2 worms (D:12)
  7 orcs
  3 jackals (D:4)
  2 kobolds (D:8)
  A butterfly (Lair:5)
91 creatures vanquished.

Vanquished Creatures (others)
  A cyclops (D:9)
  A cane toad (Lair:3)
  A troll (D:9)
  A spectral boggart (D:11)
  10 hexers
  A gnoll (D:4)
  An ancestor (D:4)
  25 fungi
  29 plants
70 creatures vanquished.

Grand Total: 740 creatures vanquished

Notes
Turn   | Place    | Note
-------+----------+-------------------------------------------
     0 | D:1      | Rrauwl the Armataur Fighter began the quest for the Orb.
     0 | D:1      | Reached XP level 1. HP: 19/19 MP: 1/1
   124 | D:1      | Reached XP level 2. HP: 26/26 MP: 2/2
   390 | D:1      | Reached skill level 4 in Armour
   394 | D:1      | Reached XP level 3. HP: 32/32 MP: 3/3
   698 | D:2      | Noticed Natasha
   703 | D:2      | Killed Natasha
   704 | D:2      | Reached skill level 1 in Dodging
   704 | D:2      | Reached XP level 4. HP: 40/40 MP: 4/4
   743 | D:2      | Found a hazy altar of Hepliaklqana.
   758 | D:2      | Became a worshipper of Hepliaklqana the Forgotten
   818 | D:2      | Noticed Jessica
   822 | D:2      | Killed Jessica
  1187 | D:2      | Noticed Natasha
  1202 | D:2      | Killed Natasha
  1203 | D:2      | Reached XP level 5. HP: 22/48 MP: 5/5
  1449 | D:3      | Found a basalt altar of Yredelemnul.
  1451 | D:2      | Noticed Natasha
  1468 | D:2      | Killed Natasha
  1633 | D:3      | Found a runed translucent gate.
  1633 | D:3      | Found a runed translucent gate.
  1633 | D:3      | Found a runed translucent gate.
  1639 | D:3      | Noticed fly's ghost (weakling DgDe)
  1643 | D:3      | You fall into a shaft and drop 1 floor!
  1661 | D:4      | Reached skill level 5 in Shields
  1825 | D:4      | Reached XP level 6. HP: 47/54 MP: 6/6
  1905 | D:4      | Reached * piety under Hepliaklqana
  1996 | D:4      | Found a sand-covered staircase.
  2006 | Ossuary  | Entered an ossuary
  2665 | D:4      | Reached skill level 5 in Maces & Flails
  2665 | D:4      | Reached XP level 7. HP: 55/55 MP: 7/7
  3602 | D:5      | Entered Level 5 of the Dungeon
  3620 | D:5      | Found Siotreav's Serpentskin Sales.
  3629 | D:5      | Reached XP level 8. HP: 57/61 MP: 8/8
  3949 | D:5      | Reached ** piety under Hepliaklqana
  3950 | D:5      | Remembered your ancestor Brian as a hexer
  4862 | D:6      | Noticed Pikel
  4870 | D:6      | Killed Pikel
  4871 | D:6      | Reached skill level 10 in Maces & Flails
  4871 | D:6      | Reached XP level 9. HP: 66/66 MP: 9/9
  5478 | D:6      | Found Coser's Book Emporium.
  5580 | D:7      | Reached skill level 1 in Invocations
  5658 | D:7      | Found a staircase to the Ecumenical Temple.
  5670 | Temple   | Entered the Ecumenical Temple
  6178 | D:7      | Reached *** piety under Hepliaklqana
  6795 | D:8      | Noticed Erica
  6811 | D:8      | Reached skill level 5 in Invocations
  6820 | D:8      | Killed Erica
  6821 | D:8      | Reached XP level 10. HP: 52/74 MP: 13/13
  7503 | D:8      | Found a shadowy altar of Dithmenos.
  7819 | D:9      | Reached **** piety under Hepliaklqana
  8227 | D:9      | Noticed a brown ugly thing
  8232 | D:9      | Killed a brown ugly thing
  8273 | D:9      | Noticed a death knight
  8273 | D:9      | Noticed a boulder beetle
  8273 | D:9      | Noticed a cyclops
  8273 | D:9      | Noticed a rakshasa
  8346 | D:9      | Noticed a cyclops
  8383 | D:9      | Killed a death knight
  8392 | D:9      | Killed a rakshasa
  8393 | D:9      | Reached XP level 11. HP: 9/79 MP: 1/18
  8395 | D:9      | Reached skill level 10 in Invocations
  8430 | D:9      | Killed a boulder beetle
  8431 | D:9      | Reached skill level 5 in Armour
  8599 | D:9      | Noticed a two-headed ogre
  8603 | D:9      | Killed a two-headed ogre
  8604 | D:9      | Reached skill level 6 in Armour
  8665 | D:9      | Noticed a centaur warrior
  8676 | D:9      | Killed a centaur warrior
  8677 | D:9      | Reached skill level 7 in Armour
  8906 | D:10     | Entered Level 10 of the Dungeon
  9074 | D:10     | Found a broken altar of Ashenzari.
  9084 | D:10     | Reached skill level 8 in Armour
  9348 | D:10     | Gained mutation: You have large cloven feet. [potion of
                  | mutation]
  9348 | D:10     | Gained mutation: You passively dampen the noise of your
                  | surroundings. [potion of mutation]
  9348 | D:10     | Gained mutation: Your tail ends in a venomous barb. [potion
                  | of mutation]
  9412 | D:10     | Found a staircase to the Lair.
  9569 | D:10     | Reached skill level 9 in Armour
  9843 | D:10     | Reached skill level 10 in Armour
  9861 | D:10     | Reached skill level 1 in Evocations
  9970 | D:10     | Found the +4 Cigotuvi's embrace {Corpsefed rMiasma Drain
                  | rN+}
 10020 | Lair:1   | Entered Level 1 of the Lair of Beasts
 10549 | Lair:1   | Reached skill level 5 in Fighting
 10858 | Lair:1   | Reached ***** piety under Hepliaklqana
 10874 | Lair:1   | Reached XP level 12. HP: 91/91 MP: 19/19
 11579 | Lair:2   | Found a staircase to the Shoals.
 11854 | Lair:2   | Identified the +3 cloak "Ipniugor" {-Tele Harm SInv}
 12437 | Lair:2   | Identified the +0 helmet "Jeecs" {rN+ Slay+2 Stlth+}
 12759 | Lair:3   | Noticed an eight-headed hydra
 13017 | Lair:3   | Killed an eight-headed hydra
 13282 | Lair:3   | Found a staircase to the Snake Pit.
 13519 | Lair:3   | Reached skill level 11 in Armour
 13557 | Lair:3   | Noticed Kirke
 13574 | Lair:3   | Killed Kirke
 13575 | Lair:3   | Reached skill level 12 in Armour
 13745 | Lair:3   | Reached skill level 1 in Stealth
 13935 | Lair:3   | Noticed a catoblepas
 13945 | Lair:3   | Killed a catoblepas
 14362 | Lair:4   | Noticed a death yak
 14374 | Lair:4   | Killed a death yak
 14387 | Lair:4   | Noticed a death yak
 14402 | Lair:4   | Killed a death yak
 14404 | Lair:4   | Noticed a death yak
 14414 | Lair:4   | Killed a death yak
 14415 | Lair:4   | Reached XP level 13. HP: 98/98 MP: 20/20
 14792 | Lair:4   | Reached skill level 13 in Armour
 14951 | Lair:4   | Reached skill level 14 in Armour
 15403 | Lair:5   | Entered Level 5 of the Lair of Beasts
 15537 | Lair:5   | Reached skill level 15 in Armour
 16334 | Lair:5   | Found a staircase to the Slime Pits.
 16335 | Lair:5   | Found a viscous altar of Jiyva.
 16714 | Lair:5   | Reached XP level 14. HP: 114/114 MP: 21/21
 16717 | Lair:5   | Reached ****** piety under Hepliaklqana
 16895 | Lair:5   | Reached skill level 10 in Fighting
 17071 | Lair:5   | Found the +8 storm bow {elec, penet}
 17473 | Lair:5   | Reached skill level 5 in Evocations
 17513 | Lair:5   | Found a corrupted altar of Lugonu.
 17513 | Lair:5   | Found a one-way gate to the infinite horrors of the Abyss.
 18106 | D:11     | Found a staircase to the Orcish Mines.
 18454 | D:11     | Found a runed translucent gate.
 18454 | D:11     | Found a runed translucent gate.
 18454 | D:11     | Found a runed translucent gate.
 18471 | D:11     | Noticed Viucil's ghost (journeyman DDFi)
 18906 | D:11     | Killed Viucil's ghost
 20355 | D:5      | Bought a +1 plate armour of poison resistance for 384 gold
                  | pieces
 20554 | Snake:1  | Entered Level 1 of the Snake Pit
 20936 | Snake:1  | Reached skill level 16 in Armour
 21035 | Snake:1  | Noticed Aizul
 21050 | Snake:1  | Killed Aizul
 21529 | Snake:2  | Noticed Agnes
 21536 | Snake:2  | Killed Agnes
 21645 | Snake:2  | Reached skill level 17 in Armour
 21787 | Snake:2  | Reached XP level 15. HP: 128/128 MP: 22/22
 21808 | Snake:2  | You fall into a shaft and drop 1 floor!
 21955 | Snake:2  | Noticed a nagaraja
 21967 | Snake:2  | Killed a nagaraja
 22537 | Snake:2  | Reached skill level 18 in Armour
 22860 | Snake:3  | Reached skill level 5 in Stealth
 23675 | Snake:4  | Entered Level 4 of the Snake Pit
 23746 | Snake:4  | Noticed Vashnia
 23931 | Snake:4  | Noticed a nagaraja
 24129 | Snake:4  | Found Tuapiupe's Assorted Antiques.
 24134 | Snake:4  | Shot with an arrow by a naga sharpshooter

Illustrated notes

Levels and vault maps discovered:
D:1:      doesnt_arrival_eight_statues, layout_rooms
D:2:      layout_basic, basic_altar, uniq_jessica, uniq_natasha
D:3:      layout_basic, old_standard_altar, gammafunk_temple_overflow_wave,
          ebering_ecumenical_altar_mist, gammafunk_ghost_nasty_kobolds,
          st_stairs_5
D:4:      lemuel_castle_with_subvaults [lemuel_castle_interior_carwin_3],
          layout_basic, nicolae_ossuary_entry_ruins, grunt_decor_fettered,
          kennysheep_generic_room_12
D:5:      layout_layer_cave, guppyfry_shop_venom
D:6:      minmay_flawed_box, layout_loops_cross, serial_shops,
          nicolae_lakefront_shop, uniq_pikel
D:7:      old_forge, layout_basic, minmay_temple_entry_mist
D:8:      layout_cave_pods, lemuel_tele_altar, uniq_erica
D:9:      layout_gridville, serial_ice, serial_ice_d, serial_ice_l,
          serial_ice_n, serial_ice_c, minmay_misc_feat_cross, minmay_evil_grid
D:10:     layout_rooms, mainiacjoe_overflow_catwalk, david_lair_shrubbed,
          hellmonk_guarded_unrand_cigotuvi
D:11:     layout_roguey, erik_orc_1, gammafunk_ghost_necromancy
D:12:     layout_basic, hangedman_parallel_progression
Temple:   nicolae_temple_bog_church
Lair:1:   layout_cellular_growth, grunt_forest_stairs_basic
Lair:2:   layout_small_grid, shoals_dummy_entry, chequers_serial_rivers_small_3,
          st_stairs_12
Lair:3:   layout_cave_pods, guppyfry_snake_entry_garden,
          chequers_serial_rivers_micro_c, evilmike_ambush
          [evilmike_ambush_outer_basic, evilmike_ambush_inner_basic],
          infiniplex_staircase_pool, uniq_kirke
Lair:4:   layout_misc_corridors, grunt_megastairs_5
Lair:5:   hellmonk_lair_end_abyssal_woods, layout_concentric_octagons,
          slime_entry_1, grunt_forest_large_clearings, lemuel_fruit_fields
Snake:1:  layout_misc_corridors, uniq_aizul
Snake:2:  layout_onion, serial_bayou_shore_b, uniq_agnes
Snake:3:  layout_grid_shapes
Snake:4:  minmay_snake_end_coiled, layout_grid_shapes, guppyfry_snake_island,
          minmay_shop_star, uniq_vashnia

Skill      XL: |  1  2  3  4  5  6  7  8  9 10 11 12 13 14 15 |
---------------+----------------------------------------------+-----
Maces & Flails | 2 3 4 5 7 10 11 12 14 | 14.0
Armour         | 4 10 12 15 17 18 | 18.9
Fighting       | 3 5 6 9 12 | 12.0
Dodging        | 1 |  1.0
Shields        | 4 5 6 |  6.0
Invocations    | 5 9 10 | 10.0
Evocations     | 3 5 |  5.0
Stealth        | 3 6 |  6.0

Action                     |  1- 3 |  4- 6 |  7- 9 | 10-12 | 13-15 || total
---------------------------+-------+-------+-------+-------+-------++-------
  Melee: Flail             |    81 |       |       |       |       ||    81
         Tailslap          |     9 |    21 |    64 |    91 |   191 ||   376
         Whip              |    30 |   192 |   378 |   635 |   970 ||  2205
         Kick              |       |       |       |   142 |   397 ||   539
 Invoke: Ancestor Identity |       |     1 |       |       |       ||     1
         Recall Ancestor   |       |       |     1 |     9 |     3 ||    13
         Ancestor Life: He |       |       |     1 |       |       ||     1
         Idealise          |       |       |       |       |     2 ||     2
  Evoke: Wand              |       |       |    10 |    27 |    10 ||    47
    Use: Potion            |       |     2 |     9 |    13 |    11 ||    35
         Scroll            |       |       |    12 |     6 |     7 ||    25
   Stab: Distracted        |       |     1 |     4 |     7 |    34 ||    46
         Confused          |       |       |     3 |    19 |    18 ||    40
         Sleeping          |       |       |       |       |    10 ||    10
         Paralysed         |       |       |       |       |     9 ||     9
 Armour: Scale mail        |    90 |    67 |    83 |       |       ||   240
         Steam dragon scal |       |       |       |    30 |       ||    30
         Skin              |       |       |       |    16 |       ||    16
         Ring mail         |       |       |       |    78 |   126 ||   204
         Plate armour      |       |       |       |       |    61 ||    61
  Dodge: Dodged            |    42 |    31 |    78 |    89 |   167 ||   407
         Repelled          |       |       |     1 |     1 |    17 ||    19
  Block: Buckler           |    24 |    24 |    56 |    81 |   168 ||   353

Table legend: (Time is in decaauts)
 A = Elapsed time spent in this place.
 B = Non-inter-level travel time spent in this place.
 C = Inter-level travel time spent in this place.
 D = Time resting spent in this place.
 E = Time spent auto-exploring this place.
 F = Levels seen in this place.
 G = Mean time per level.
                   A        B        C        D        E       F      G
               +--------+--------+--------+--------+--------+-----+--------+
         Total |  23249 |  22052 |   1197 |    304 |  18020 |  23 | 1010.8 |
       Dungeon |  11820 |  11023 |    797 |    146 |   8890 |  12 |  985.0 |
        Temple |    156 |    134 |     22 |      0 |    123 |   1 |  156.0 |
          Lair |   7450 |   7129 |    321 |      0 |   5986 |   5 | 1490.0 |
     Snake Pit |   3436 |   3381 |     55 |    140 |   2807 |   4 |  859.0 |
       Ossuary |    385 |    385 |      0 |     18 |    214 |   1 |  385.0 |
               +--------+--------+--------+--------+--------+-----+--------+

Top non-repeatable levels by time:
  Lair:5: 2086 daAuts
  Lair:2: 1795 daAuts
     D:4: 1551 daAuts
  Lair:3: 1370 daAuts
    D:11: 1346 daAuts
  Lair:1: 1211 daAuts
     D:9: 1196 daAuts
 Snake:2: 1117 daAuts
 Snake:3: 1104 daAuts
    D:10: 1089 daAuts
     D:7: 1081 daAuts
     D:5: 1064 daAuts
  Lair:4: 986 daAuts
    D:12: 975 daAuts
 Snake:1: 935 daAuts
